 Dungeon Crawl Stone Soup version 0.29-a0-40-g8eb35efe60 (webtiles) character file.

Game seed: 13541910226401349338

3 Ajdolov the Digger (level 1, 0/11 HPs)
             Began as an Octopode Earth Elementalist on Feb 1, 2022.
             Killed from afar by a dart slug (5 damage)
             ... with a slug dart
             ... on level 1 of the Dungeon.
             The game lasted 00:00:19 (219 turns).

Ajdolov the Digger (Octopode Earth Elementalist)     Turns: 219, Time: 00:00:20

Health: 0/11       AC:  1    Str:  7    XL:     1   Next: 50%
Magic:  2/3        EV: 13    Int: 17    God:
Gold:   0          SH:  0    Dex: 12    Spells: 3/4 levels left

rFire   . . .      SeeInvis .   d - +0 dagger
rCold   . . .      Faith    .   (no shield)
rNeg    . . .      Spirit   .   (helmet restricted)
rPois   .          Reflect  .   (no amulet)
rElec   .          Harm     .   (no ring)
rCorr   .          Rampage  .   (no ring)
Will    .....                   (no ring)
Stlth   +++.......              (no ring)
HPRegen 0.03/turn               (no ring)
MPRegen 0.08/turn               (no ring)
                                (no ring)
                                (no ring)

@: no status effects
A: almost no armour, amphibious, 8 rings, camouflage 1, gelatinous body 1,
(nimble swimmer 1), tentacles
a: no special abilities


You were on level 1 of the Dungeon.
You visited 1 branch of the dungeon, and saw 1 of its levels.

Inventory:

Hand Weapons
 d - a +0 dagger (weapon)
Missiles
 b - 42 stones
Scrolls
 c - a scroll of fog {unknown}
Potions
 a - a potion of haste {unknown}


   Skills:
 - Level 2.0 Dodging
 - Level 2.6 Stealth
 - Level 2.0 Spellcasting
 - Level 1.0 Transmutations
 * Level 3.2 Earth Magic


You had 3 spell levels left.
You knew the following spells:

 Your Spells              Type           Power      Damage    Failure   Level
a - Sandblast             Erth           24%        2d8       4%          1

Your spell library contained the following spells:

 Spells                   Type           Power      Damage    Failure   Level
 Passwall                 Tmut/Erth      6%         N/A       12%         2
 Stone Arrow              Conj/Erth      14%        3d7       30%         3
 Petrify                  Tmut/Erth      8%         N/A       63%         4


Dungeon Overview and Level Annotations

Branches:
Dungeon (1/15)

Altars:


Innate Abilities, Weirdness & Mutations

You cannot wear most types of armour.
You are amphibious.
You can wear up to eight rings at the same time.
Your skin changes colour to match your surroundings (Stealth+).
Your rubbery body absorbs attacks. (AC +1, EV +1)
((You are camouflaged when in or above water. (Stealth+)))
You have tentacles for arms and can constrict up to eight enemies at once.


Message History

The goblin is moderately wounded.
The goblin misses you.
You tentacle-slap the goblin. Your grab misses the goblin.
The goblin is severely wounded.
The goblin barely misses you.
You tentacle-slap the goblin but do no damage.
You grab the goblin. You squeeze the goblin.
You kill the goblin!
You see here a +0 dagger.
d - a +0 dagger
d - a +0 dagger (weapon)
HP restored.
b - 43 stones (gained 13)
A goblin, a bat and a dart slug come into view.
There are monsters nearby!
The helpless bat fails to defend itself.
You hit the bat.
You kill the bat!
The goblin hits you with a +0 club.
You closely miss the goblin. Your grab misses the goblin.
The goblin barely misses you.
You hit the dart slug. You grab the dart slug.
The dart slug is moderately wounded.
You constrict the dart slug, but do no damage.
The goblin closely misses you. The dart slug launches a dart at you.
The slug dart hits you.
You are too injured to fight recklessly!
Casting: Sandblast (safe; 4% risk of failure)
Confirm with . or Enter, or press ? or * to list all spells.
Okay, then.
Aiming: Sandblast (safe; 4% risk of failure)
Press: ? - help, Q - select action, (/) - cycle Shift-Dir - straight line, f - dart slug
Aim: a dart slug (moderately wounded, constricted by you, 100% to hit)
The blast of sand hits the dart slug.
The dart slug is severely wounded.
You constrict the dart slug. The goblin barely misses you.
The dart slug launches a dart at you. The slug dart hits you.
You die...

# #...# ..# #
#...####### ..
####.........####.# #
...........#.##.#.# .##.
..................##....
...........#.##.#.......
####†........##.#.......
# #.#.########.........
# ..###.. ##@w.....# #.#
#.# #.g.....# #. .#
#.......# # # ...######
# ...# ## ..... P# .....
P# ....... ##


You could see a dart slug and a goblin.

Vanquished Creatures
  2 bats (D:1)
  A goblin (D:1)
3 creatures vanquished.

Notes
Turn   | Place    | Note
-------+----------+-------------------------------------------
     0 | D:1      | Ajdolov the Octopode Earth Elementalist began the quest for
                  | the Orb.
     0 | D:1      | Reached XP level 1. HP: 11/11 MP: 3/3
   219 | D:1      | Killed from afar by a dart slug

Illustrated notes

Levels and vault maps discovered:
D:1:      psy_arrival_terrarium, layout_loops_cross

Action                   || total
-------------------------++-------
Melee: Unarmed           ||     5
       Dagger            ||     3
       Constrict         ||     3
       Tentacles         ||     2
 Cast: Sandblast         ||     1
 Stab: Sleeping          ||     1
Armor: Skin              ||     1
Dodge: Dodged            ||     8

Table legend: (Time is in decaauts)
 A = Elapsed time spent in this place.
 B = Non-inter-level travel time spent in this place.
 C = Inter-level travel time spent in this place.
 D = Time resting spent in this place.
 E = Time spent auto-exploring this place.
 F = Levels seen in this place.
 G = Mean time per level.
                   A        B        C        D        E       F      G
               +--------+--------+--------+--------+--------+-----+--------+
         Total |    218 |    218 |      0 |      0 |    192 |   1 |  218.0 |
       Dungeon |    218 |    218 |      0 |      0 |    192 |   1 |  218.0 |
               +--------+--------+--------+--------+--------+-----+--------+

Top non-repeatable levels by time:
     D:1: 218 daAuts
